3L
PORTLAND EVERGREENS @ MONTANA PANDAS
05/19/2029
 
TOP OF THE 1ST
Portland Evergreens batting - Pitching for Montana Pandas : RHP Prince Nakamura
Pitching: RHP Prince Nakamura
Batting: LHB Chris Payling 0-0: Ball
1-0: Ball
2-0: Called Strike
2-1: Ball
3-1: Ground out 4-3 (Groundball, 4)
Batting: LHB Adrián Gómez 0-0: Called Strike
0-1: SINGLE (Flyball, 78M)
Batting: RHB Ty Struck 0-0: Ball
1-0: Ball
2-0: Fly out, F7 (Flyball, 7LS)
Batting: LHB John Ennis 0-0: DOUBLE (Line Drive, 78XD)
Adrián Gómez to third
Runner from 3rd tries for Home, SAFE, no throw
Batting: RHB Wei-qiang Mo 0-0: Ball
1-0: Ball
2-0: Swinging Strike
2-1: SINGLE (Flyball, 89S)
John Ennis to third
Runner from 3rd tries for Home, SAFE, throw made home
Batting: LHB Charles Mathes 0-0: Ball
1-0: TRIPLE (Flyball, 8RXD)
Wei-qiang Mo scores
Batting: RHB Silvio Bonauiti 0-0: Called Strike
0-1: Ball
1-1: Foul Ball, location: 2F
1-2: Ball
2-2: Foul Ball, location: 2F
2-2: Foul Ball, location: 2F
2-2: Foul Ball, location: 2F
2-2: Foul Ball, location: 2F
2-2: Ground out 4-3 (Groundball, 4MS)
Top of the 1st over - 3 runs, 4 hits, 0 errors, 1 left on base; Portland 3 - Montana 0
BOTTOM OF THE 1ST
Montana Pandas batting - Pitching for Portland Evergreens : RHP Roberto Calderón
Pitching: RHP Roberto Calderón
Batting: SHB Pedro Gómez 0-0: Ball
1-0: Ground out 4-3 (Groundball, 4M)
Batting: LHB José Ruíz 0-0: Called Strike
0-1: Ball
1-1: Swinging Strike
1-2: Foul Ball, location: 2F
1-2: Ground out 3-1 (Groundball, 34)
Batting: RHB Matt Sheppard 0-0: Foul Ball, location: 2F
0-1: Foul Ball, location: 2F
0-2: Ball
1-2: Ball
2-2: Fly out, F8 (Flyball, 8LM)
Bottom of the 1st over - 0 runs, 0 hits, 0 errors, 0 left on base; Portland 3 - Montana 0
TOP OF THE 2ND
Portland Evergreens batting - Pitching for Montana Pandas : RHP Prince Nakamura
Batting: LHB Gabriel Díaz 0-0: Fly out, F8 (Flyball, 78M)
Batting: RHB Frank Crocker 0-0: Hit by Pitch
Batting: LHB Chris Payling 0-0: Called Strike
0-1: SINGLE (Groundball, 34S) (infield hit)
Frank Crocker to second
Batting: LHB Adrián Gómez 0-0: Called Strike
0-1: Ball
1-1: Ball
2-1: Ground out 6-3 (Groundball, 6S)
Frank Crocker to third
Chris Payling to second
Batting: RHB Ty Struck 0-0: Swinging Strike
0-1: Called Strike
0-2: Strikes out swinging
Top of the 2nd over - 0 runs, 1 hit, 0 errors, 2 left on base; Portland 3 - Montana 0
BOTTOM OF THE 2ND
Montana Pandas batting - Pitching for Portland Evergreens : RHP Roberto Calderón
Batting: LHB Ned Durand 0-0: Ball
1-0: Swinging Strike
1-1: Foul Ball, location: 2F
1-2: Foul Ball, location: 2F
1-2: Ball
2-2: Foul Ball, location: 2F
2-2: Foul Ball, location: 2F
2-2: Strikes out swinging, 2-3 out at first.
Batting: LHB Roberto Fierro 0-0: SINGLE (Groundball, 4MD)
Batting: RHB John MacGregor 0-0: Called Strike
0-1: Ball
1-1: Ball
2-1: Ball
3-1: Base on Balls
Roberto Fierro to second
Batting: LHB Gerald Kaufman 0-0: Grounds into double play, 4-6-3 (Groundball, 4)
Bottom of the 2nd over - 0 runs, 1 hit, 0 errors, 1 left on base; Portland 3 - Montana 0
TOP OF THE 3RD
Portland Evergreens batting - Pitching for Montana Pandas : RHP Prince Nakamura
Batting: LHB John Ennis 0-0: Reached on error, E5 (Groundball, 6)
Batting: RHB Wei-qiang Mo 0-0: Ball
1-0: Called Strike
1-1: Called Strike
1-2: Fly out, F8 (Flyball, 78D)
Batting: LHB Charles Mathes 0-0: Ball
1-0: Ground out 5-3 (Groundball, 56S)
John Ennis to third
Batting: RHB Silvio Bonauiti 0-0: SINGLE (Line Drive, 9S)
John Ennis scores
Batting: LHB Gabriel Díaz 0-0: Ball
1-0: Fielders Choice at 2nd, 5-4 (Groundball, 5)
Top of the 3rd over - 1 run, 1 hit, 1 error, 1 left on base; Portland 4 - Montana 0
BOTTOM OF THE 3RD
Montana Pandas batting - Pitching for Portland Evergreens : RHP Roberto Calderón
Batting: SHB Mike Barton 0-0: Called Strike
0-1: Fly out, F9 (Flyball, 9D)
Batting: RHB Miguel Cruz 0-0: Fly out, F6 (Line Drive, 6)
Batting: SHB Pedro Gómez 0-0: Ball
1-0: Called Strike
1-1: Foul Ball, location: 2F
1-2: Strikes out swinging
Bottom of the 3rd over - 0 runs, 0 hits, 0 errors, 0 left on base; Portland 4 - Montana 0
TOP OF THE 4TH
Portland Evergreens batting - Pitching for Montana Pandas : RHP Prince Nakamura
Batting: RHB Frank Crocker 0-0: Ball
1-0: Ball
2-0: Called Strike
2-1: Ball
3-1: Fly out, F3 (Popup, 3SF)
Batting: LHB Chris Payling 0-0: Called Strike
0-1: Ball
1-1: Ball
2-1: Swinging Strike
2-2: SINGLE (Line Drive, 9LS)
Batting: LHB Adrián Gómez 0-0: Called Strike
Throwing error on steal attempt, E2
Chris Payling to third
0-1: Ball
1-1: Ground out 6-3 (Groundball, 6)
Chris Payling scores
Batting: RHB Ty Struck 0-0: Called Strike
0-1: SOLO HOME RUN (Flyball, 78XD), Distance : 369 ft
Batting: LHB John Ennis 0-0: Ball
1-0: Called Strike
1-1: Ball
2-1: Ball
3-1: SINGLE (Groundball, 6MS) (infield hit)
Batting: RHB Wei-qiang Mo 0-0: Fly out, F7 (Line Drive, 78D)
Top of the 4th over - 2 runs, 3 hits, 1 error, 1 left on base; Portland 6 - Montana 0
BOTTOM OF THE 4TH
Montana Pandas batting - Pitching for Portland Evergreens : RHP Roberto Calderón
Batting: LHB José Ruíz 0-0: Ball
1-0: Ball
2-0: SINGLE (Groundball, 2L) (infield hit)
Batting: RHB Matt Sheppard 0-0: Ball
1-0: Foul Ball, location: 2F
1-1: Swinging Strike
1-2: Foul Ball, location: 2F
1-2: Foul Ball, location: 2F
1-2: Strikes out swinging
Batting: LHB Ned Durand 0-0: Called Strike
0-1: Swinging Strike
0-2: Strikes out looking
Batting: LHB Roberto Fierro 0-0: Foul Ball, location: 2F
0-1: Foul Ball, location: 2F
0-2: Ball
José Ruíz steals 2nd base
1-2: Foul Ball, location: 2F
1-2: Ground out 4-3 (Groundball, 4S)
Bottom of the 4th over - 0 runs, 1 hit, 0 errors, 1 left on base; Portland 6 - Montana 0
TOP OF THE 5TH
Portland Evergreens batting - Pitching for Montana Pandas : RHP Prince Nakamura
Batting: LHB Charles Mathes 0-0: Called Strike
0-1: Ball
1-1: Ball
2-1: Foul Ball, location: 2F
2-2: Strikes out swinging
Batting: RHB Silvio Bonauiti 0-0: Foul Ball, location: 2F
0-1: Ball
1-1: Foul Ball, location: 2F
1-2: Ball
2-2: Foul Ball, location: 2F
2-2: SINGLE (Groundball, 6S) (infield hit)
Pitching: RHP Jason Hubbell
Batting: LHB Gabriel Díaz 0-0: Called Strike
0-1: Foul Ball, location: 2F
0-2: Ball
1-2: Fly out, F7 (Flyball, 7S)
Batting: RHB Frank Crocker 0-0: Foul Ball, location: 2F
0-1: Swinging Strike
0-2: Foul Ball, location: 2F
0-2: 2-RUN HOME RUN (Flyball, 9LD), Distance : 317 ft
Batting: LHB Chris Payling 0-0: SINGLE (Groundball, 3L) (infield hit)
Batting: LHB Adrián Gómez 0-0: Ball
Chris Payling steals 2nd base
1-0: Swinging Strike
1-1: Ball
2-1: Called Strike
2-2: Strikes out swinging
Top of the 5th over - 2 runs, 3 hits, 0 errors, 1 left on base; Portland 8 - Montana 0
BOTTOM OF THE 5TH
Montana Pandas batting - Pitching for Portland Evergreens : RHP Roberto Calderón
Batting: RHB John MacGregor 0-0: Ball
1-0: Called Strike
1-1: Ball
2-1: Ground out 6-3 (Groundball, 56)
Batting: LHB Gerald Kaufman 0-0: Ball
1-0: Ball
2-0: Foul Ball, location: 2F
2-1: Swinging Strike
2-2: Ground out 4-3 (Groundball, 4M)
Batting: SHB Mike Barton 0-0: Ball
1-0: Ball
2-0: Foul Ball, location: 2F
2-1: Foul Ball, location: 2F
2-2: Ball
3-2: SINGLE (Line Drive, 4MD)
Batting: RHB Miguel Cruz 0-0: Called Strike
0-1: Foul Ball, location: 2F
0-2: Ball
1-2: Strikes out swinging
Bottom of the 5th over - 0 runs, 1 hit, 0 errors, 1 left on base; Portland 8 - Montana 0
TOP OF THE 6TH
Portland Evergreens batting - Pitching for Montana Pandas : RHP Jason Hubbell
Batting: RHB Ty Struck 0-0: Ball
1-0: Called Strike
1-1: Ball
2-1: Ball
3-1: Base on Balls
Batting: LHB John Ennis 0-0: Fly out, F8 (Flyball, 8RXD)
Batting: RHB Wei-qiang Mo 0-0: Ball
1-0: Called Strike
1-1: Called Strike
1-2: Ball
2-2: DOUBLE (Line Drive, 89M)
Ty Struck to third
Batting: LHB Charles Mathes 0-0: Ball
1-0: Fly out, F8 (Flyball, 78D)
Runner from 3rd tags up, SCORES, throw made
Batting: RHB Silvio Bonauiti 0-0: Hit by Pitch
Batting: LHB Gabriel Díaz 0-0: Ball
1-0: Foul Ball, location: 2F
1-1: Foul Ball, location: 2F
1-2: Foul Ball, location: 2F
1-2: Ball
2-2: Ball
3-2: Foul Ball, location: 2F
3-2: Base on Balls
Wei-qiang Mo to third
Silvio Bonauiti to second
Pitching: LHP Adrian Neumann
Batting: RHB Frank Crocker 0-0: Swinging Strike
0-1: Called Strike
0-2: Ball
1-2: Foul Ball, location: 2F
1-2: Strikes out looking
Top of the 6th over - 1 run, 1 hit, 0 errors, 3 left on base; Portland 9 - Montana 0
BOTTOM OF THE 6TH
Montana Pandas batting - Pitching for Portland Evergreens : RHP Roberto Calderón
Batting: SHB Pedro Gómez 0-0: SINGLE (Groundball, 4M) (infield hit)
Batting: LHB José Ruíz 0-0: DOUBLE (Flyball, 89XD)
Pedro Gómez to third
Batting: RHB Matt Sheppard 0-0: Called Strike
0-1: Fly out, F9 (Line Drive, 9)
Runner from 3rd tags up, OUT at HOME
José Ruíz to third
Pitching: RHP Ricardo Gómez
Batting: LHB Ned Durand 0-0: Foul Ball, location: 2F
0-1: Ball
1-1: Ball
2-1: Ball
3-1: Ground out U3 (Groundball, 3)
Bottom of the 6th over - 0 runs, 2 hits, 0 errors, 1 left on base; Portland 9 - Montana 0
TOP OF THE 7TH
Portland Evergreens batting - Pitching for Montana Pandas : LHP Adrian Neumann
Batting: LHB Chris Payling 0-0: Ball
1-0: Ground out 4-3 (Groundball, 4M)
Batting: LHB Adrián Gómez 0-0: Swinging Strike
0-1: Foul Ball, location: 2F
0-2: Foul Ball, location: 2F
0-2: Strikes out swinging
Batting: RHB Ty Struck 0-0: Ball
1-0: Ground out 6-3 (Groundball, 6)
Top of the 7th over - 0 runs, 0 hits, 0 errors, 0 left on base; Portland 9 - Montana 0
BOTTOM OF THE 7TH
Montana Pandas batting - Pitching for Portland Evergreens : RHP Ricardo Gómez
Batting: LHB Roberto Fierro 0-0: SINGLE (Line Drive, 34)
Batting: RHB John MacGregor 0-0: DOUBLE (Line Drive, 78M)
Roberto Fierro to third
Batting: LHB Gerald Kaufman 0-0: Ball
1-0: Ball
2-0: SINGLE (Groundball, 6D)
Roberto Fierro scores
John MacGregor to third
Batting: SHB Mike Barton 0-0: Ground out U3 (Groundball, 3S)
John MacGregor scores
Gerald Kaufman to second
Batting: RHB Miguel Cruz 0-0: Ball
1-0: Ball
2-0: Called Strike
2-1: Ball
3-1: Swinging Strike
3-2: Strikes out swinging
Batting: SHB Pedro Gómez 0-0: Ball
1-0: Called Strike
1-1: Called Strike
1-2: Foul Ball, location: 2F
1-2: Foul Ball, location: 2F
1-2: Hit by Pitch
Batting: LHB José Ruíz 0-0: Called Strike
0-1: Fielders Choice at 2nd, 6-4 (Groundball, 6)
Bottom of the 7th over - 2 runs, 3 hits, 0 errors, 2 left on base; Portland 9 - Montana 2
TOP OF THE 8TH
Portland Evergreens batting - Pitching for Montana Pandas : LHP Adrian Neumann
Batting: LHB John Ennis 0-0: Ball
1-0: Ball
2-0: Foul Ball, location: 2F
2-1: Fly out, F7 (Line Drive, 78M)
Batting: RHB Wei-qiang Mo 0-0: Foul Ball, location: 2F
0-1: SINGLE (Line Drive, 89S)
Batting: LHB Charles Mathes 0-0: Swinging Strike
0-1: Ball
1-1: Fielders Choice at 2nd, 6-4 (Groundball, 6)
Batting: RHB Silvio Bonauiti 0-0: Ball
1-0: Foul Ball, location: 2F
1-1: Ground out 4-3 (Groundball, 4)
Top of the 8th over - 0 runs, 1 hit, 0 errors, 1 left on base; Portland 9 - Montana 2
BOTTOM OF THE 8TH
Montana Pandas batting - Pitching for Portland Evergreens : RHP Ricardo Gómez
Batting: RHB Matt Sheppard 0-0: Ground out 4-3 (Groundball, 4MD)
Batting: LHB Ned Durand 0-0: Ball
1-0: Called Strike
1-1: Foul Ball, location: 2F
1-2: Reached on error, E7 (Flyball, 7LM)
Batting: LHB Roberto Fierro 0-0: Ball
1-0: Fly out, F9 (Flyball, 9LD)
Batting: RHB John MacGregor 0-0: Called Strike
0-1: Fly out, F3 (Line Drive, 3)
Bottom of the 8th over - 0 runs, 0 hits, 1 error, 1 left on base; Portland 9 - Montana 2
TOP OF THE 9TH
Portland Evergreens batting - Pitching for Montana Pandas : LHP Adrian Neumann
Batting: LHB Gabriel Díaz 0-0: Called Strike
0-1: Swinging Strike
0-2: Foul Ball, location: 2F
0-2: Strikes out looking
Batting: RHB Frank Crocker 0-0: Ball
1-0: Ground out 4-3 (Groundball, 4)
Batting: LHB Chris Payling 0-0: Ball
1-0: Ball
2-0: Called Strike
2-1: Ball
3-1: SINGLE (Groundball, 4) (infield hit)
Pitching: RHP Loeck Visser
Batting: LHB Adrián Gómez 0-0: Called Strike
0-1: Called Strike
0-2: DOUBLE (Line Drive, 78XD)
Chris Payling to third
Runner from 3rd tries for Home, throw and OUT!
Top of the 9th over - 0 runs, 2 hits, 0 errors, 1 left on base; Portland 9 - Montana 2
BOTTOM OF THE 9TH
Montana Pandas batting - Pitching for Portland Evergreens : RHP Ricardo Gómez
Now at C: Joram Nelen
Now at 3B: Arturo Acevedo
Batting: LHB Gerald Kaufman 0-0: DOUBLE (Flyball, 78D)
Batting: SHB Mike Barton 0-0: Ball
1-0: Ball
2-0: Foul Ball, location: 2F
2-1: SINGLE (Groundball, 6D)
Gerald Kaufman to third
Batting: RHB Miguel Cruz 0-0: Called Strike
0-1: Foul Ball, location: 2F
0-2: Grounds into double play, 6-4-3 (Groundball, 6)
Gerald Kaufman scores
Batting: SHB Pedro Gómez 0-0: Called Strike
0-1: Foul Ball, location: 2F
0-2: Ball
1-2: Ball
2-2: Ground out 5-3 (Groundball, 5S)
Bottom of the 9th over - 1 run, 2 hits, 0 errors, 0 left on base; Portland 9 - Montana 3
Tuesday, December 19th, 2017 - OOTP Baseball 18.8 Build 76